 Dungeon Crawl Stone Soup version 0.23-a0-677-g07611c5723 (webtiles) character file.

22486 Mazzaar the Geomancer (level 13, 0/78 HPs)
             Began as a Gargoyle Earth Elementalist on Jan 10, 2019.
             Was an Elder of Vehumet.
             Slain by a white ugly thing (48 damage)
             ... on level 12 of the Dungeon.
             The game lasted 00:59:45 (15759 turns).

Mazzaar the Geomancer (GrEE)                       Turns: 15759, Time: 00:59:47

Health: 0/78       AC: 21    Str: 19      XL:     13   Next: 0%
Magic:  19/25      EV: 13    Int: 19      God:    Vehumet [****..]
Gold:   1737       SH:  0    Dex:  9 (10) Spells: 14/28 levels left

rFire    . . .     SeeInvis .   o - +2 quarterstaff (crush)
rCold    x . .     Gourm    .   (shield currently unavailable)
rNeg     + . .     Faith    .   c - +0 robe
rPois    ∞         Spirit   .   m - +1 helmet
rElec    +         Reflect  .   H - +0 cloak (curse)
rCorr    .         Harm     .   (no gloves)
MR       .....                  j - +1 pair of boots
Stlth    +.........             (no amulet)
HPRegen  0.23/turn              f - ring of wizardry
MPRegen  0.19/turn              x - ring "Kuofic" {rC- AC+4 Str+5}

@: heavily drained
A: negative energy resistance 1, electricity resistance, unbreathing,
petrification resistance, rot immunity, AC +9
a: Renounce Religion


You were on level 12 of the Dungeon.
You worshipped Vehumet.
Vehumet was greatly pleased with you.
You were hungry.

You visited 2 branches of the dungeon, and saw 13 of its levels.
You also visited: Sewer.

You collected 1993 gold pieces.
You spent 256 gold pieces at shops.

Inventory:

Hand Weapons
 o - a +2 quarterstaff of crushing (weapon)
 u - a +0 morningstar of draining
Missiles
 b - 128 stones (quivered)
Armour
 c - a +0 robe (worn)
 j - a +1 pair of boots (worn)
 m - a +1 helmet (worn)
 H - a cursed +0 cloak (worn)
Jewellery
 f - a ring of wizardry (left hand)
 l - an uncursed ring of flight
 q - a +3 ring of dexterity
 x - the ring "Kuofic" (right hand) {rC- AC+4 Str+5}
   (You bought it in a shop on level 4 of the Dungeon)

   [ring of protection]

   It affects your AC (+4).
   It affects your strength (+5).
   It makes you vulnerable to cold.
 y - an uncursed ring of resist corrosion
 F - an uncursed ring of stealth
Wands
 g - a wand of iceblast (8)
 B - a wand of digging (4)
 I - a wand of flame (16)
Scrolls
 h - 2 scrolls of magic mapping
 p - a scroll of immolation
 t - 4 scrolls of teleportation
 w - 5 scrolls of remove curse
 C - 2 scrolls of blinking
 E - a scroll of acquirement
 G - a scroll of amnesia
 L - a scroll of holy word
Potions
 a - a potion of haste {unknown}
 e - 2 potions of resistance {unknown}
 i - a potion of cancellation {unknown}
 k - 2 potions of magic {unknown}
 n - 2 potions of agility
 s - 2 potions of heal wounds
 v - a potion of berserk rage {unknown}
 z - 2 potions of might {unknown}
 A - 5 potions of curing
 D - a potion of ambrosia
 J - 2 potions of flight {unknown}
 K - a potion of lignification {unknown}
 M - a potion of mutation {unknown}
Miscellaneous
 r - 2 boxes of beasts
Comestibles
 d - 13 rations


   Skills:
 + Level 7.8(5.9) Fighting
 + Level 7.0(5.1) Maces & Flails
 - Level 6.0(4.2) Armour
 + Level 6.1(4.3) Dodging
 - Level 2.1(0.5) Stealth
 + Level 8.2(6.3) Spellcasting
 + Level 9.3(7.3) Conjurations
   Level 0.7(0.0) Transmutations
 * Level 3.1(1.5) Fire Magic
 + Level 11.0(9.0) Earth Magic
 - Level 6.0(4.2) Evocations


You had 14 spell levels left.
You knew the following spells:

 Your Spells              Type           Power        Failure   Level  Hunger
a - Sandblast             Erth           #####.       1%          1    None
b - Stone Arrow           Conj/Erth      #####.       1%          3    ##.....
c - Lee's Rapid Deconstr  Erth           #####.....   1%          5    #####..
d - Bolt of Magma         Conj/Fire/Erth ####......   3%          5    #####..

Your spell library contained the following spells:

 Spells                   Type           Power        Failure   Level  Hunger
 Shock                    Conj/Air       ###.         1%          1    None
 Passwall                 Tmut/Erth      ###.....     1%          2    None
 Static Discharge         Conj/Air       ###.....     1%          3    ##.....
 Confusing Touch          Hex            #.....       4%          1    None
 Infusion                 Chrm           #...         4%          1    None
 Shroud of Golubria       Chrm/Tloc      #.........   6%          2    None
 Song of Slaying          Chrm           #.......     6%          2    None
 Swiftness                Chrm/Air       #.......     6%          2    None
 Petrify                  Tmut/Erth      ###.....     7%          4    ####...
 Lightning Bolt           Conj/Air       ###.......   8%          5    #####..
 Airstrike                Air            #.........   12%         4    ####...
 Confuse                  Hex            #.......     13%         3    ##.....
 Gell's Gravitas          Tloc           #.........   13%         3    ##.....
 Regeneration             Chrm/Necr      #.........   13%         3    ##.....
 Spectral Weapon          Hex/Chrm       #.......     13%         3    ##.....
 Yara's Violent Unravell  Hex/Tmut       #.........   28%         5    #####..
 Metabolic Englaciation   Hex/Ice        #.........   71%         5    #####..


Dungeon Overview and Level Annotations

Branches:
Dungeon (12/15)            Temple (1/1) D:5            Lair (0/6) D:9
    Orc (0/2) D:10

Altars:
Ashenzari
Cheibriados
Dithmenos
Elyvilon
Fedhas
Gozag
Hepliaklqana
Kikubaaqudgha
Makhleb
Nemelex Xobeh
Okawaru
Qazlal
Ru
Sif Muna
Trog
Uskayaw
Vehumet
Wu Jian
Xom
Yredelemnul
Zin
The Shining One

Shops:
D:4 *   D:5 [![   D:9 %   D:12 [


Innate Abilities, Weirdness & Mutations

You are resistant to torment.
Your stone body is resilient. (AC +9)
You are immune to poison.
You resist negative energy. (rN+)
You are resistant to electric shocks. (rElec)
You can survive without breathing.
You are immune to petrification.
You are immune to rotting.


Message History

Confirm with . or Enter, or press ? or * to list all spells.
Aiming: Sandblast (safe; 1% risk of failure)
Press: ? - help, Shift-Dir - straight line, f/p - white ugly thing
Aim: a white ugly thing (heavily wounded)
The blast of sand hits the white ugly thing.
The white ugly thing is severely wounded.
b - 129 stones The white ugly thing misses you.
Casting: Sandblast (safe; 1% risk of failure)
Confirm with . or Enter, or press ? or * to list all spells.
Aiming: Sandblast (safe; 1% risk of failure)
Press: ? - help, Shift-Dir - straight line, f/p - white ugly thing
Aim: a white ugly thing (severely wounded)
The blast of sand hits the white ugly thing.
The white ugly thing is almost dead.
b - 128 stones The white ugly thing tail-slaps you.
The white ugly thing freezes you!!!
You feel a terrible chill!
Ouch! That really hurt!
You die...

#...######..###.#.#
####..####.#.#
#)........#..#
#.........##.#
##.......#...##
###._.##.....##
.... #..###......#
%... #####..#....#
.... .......@...##
..... .......u>..#
..... ...........#
.... .............
..# .
............## ..#
.# ..........###
..##..# .......####
......# .......
..##..#


You could see a white ugly thing.

Vanquished Creatures
  A hydra (D:11)
  A tengu warrior (D:12)
  7 two-headed ogres
  An unseen horror (D:11)
  A cyclops (D:11)
  2 manticores (D:11)
  Maurice (D:8)
  Joseph (D:7)
  Psyche (D:8)
  A komodo dragon (D:11)
  2 trolls
  2 hornets (D:10)
  Prince Ribbit (D:7)
  4 hippogriffs
  A slime creature (D:11)
  Sigmund (D:2)
  A centaur simulacrum (D:12)
  13 yaks
  4 hogs (D:9)
  A human (D:9)
  2 wyverns
  3 hungry ghosts
  The ghost of bogue1979 the Cudgeler, an amateur KoBe of Trog (D:3)
  A soldier ant (D:11)
  5 porcupines (D:9)
  9 ogres
  3 ice beasts
  A phantom (D:9)
  3 sky beasts
  2 black bears (D:9)
  5 orc warriors
  A necrophage (D:9)
  12 centaurs
  A crocodile (D:10)
  A big kobold (D:11)
  12 bullfrogs
  A gnoll sergeant (D:11)
  A water moccasin skeleton (D:12)
  6 scorpions
  10 killer bees
  13 wights
  2 electric eels (D:6)
  2 howler monkeys (D:4)
  7 crimson imps
  3 centaur zombies
  3 bullfrog zombies
  A quasit (D:11)
  4 hounds
  2 jellies
  6 orc priests
  A bullfrog skeleton (D:6)
  4 centaur skeletons
  4 iguanas
  13 orc wizards
  4 worker ants
  A killer bee zombie (D:7)
  A hound zombie (D:5)
  4 worker ant zombies
  Robin (D:3)
  12 gnolls
  10 adders
  3 shadow imps
  4 oozes
  An adder skeleton (D:4)
  3 worms
  4 dart slugs
  8 leopard geckos
  64 orcs
  4 ball pythons
  11 bats
  10 giant cockroaches
  8 hobgoblins
  15 jackals
  3 quokkas
  14 frilled lizards
  15 goblins
  8 kobolds
  10 rats
410 creatures vanquished.

Vanquished Creatures (others)
  A bullfrog (D:9)
  3 killer bees (D:9)
  28 fungi (D:9)
  6 plants (D:9)
38 creatures vanquished.

Grand Total: 448 creatures vanquished

Notes
Turn   | Place    | Note
-------+----------+-------------------------------------------
     0 | D:1      | Mazzaar the Gargoyle Earth Elementalist began the quest for
                  | the Orb.
     0 | D:1      | Reached XP level 1. HP: 10/10 MP: 3/3
   191 | D:1      | Reached skill level 4 in Earth Magic
   191 | D:1      | Reached XP level 2. HP: 15/15 MP: 1/5
   645 | D:1      | Reached XP level 3. HP: 16/19 MP: 1/6
   650 | D:1      | Learned a level 3 spell: Stone Arrow
  1406 | D:2      | Reached skill level 1 in Conjurations
  1481 | D:2      | Found a bloodstained altar of Trog.
  1523 | D:2      | Noticed Sigmund
  1542 | D:2      | Killed Sigmund
  1542 | D:2      | Reached skill level 5 in Earth Magic
  1542 | D:2      | Reached XP level 4. HP: 5/24 MP: 1/9
  1542 | D:2      | Reached XP level 5. HP: 6/28 MP: 1/10
  1816 | D:2      | Learned a level 5 spell: Lee's Rapid Deconstruction
  1879 | D:2      | Reached XP level 6. HP: 29/32 MP: 11/11
  2110 | D:3      | Noticed Robin
  2575 | D:3      | Killed Robin
  2829 | D:3      | Found a runed door.
  2831 | D:3      | Noticed bogue1979's ghost (amateur KoBe)
  2852 | D:3      | Found a runed door.
  2980 | D:3      | Reached skill level 6 in Earth Magic
  3180 | D:3      | Killed bogue1979's ghost
  3180 | D:3      | Reached XP level 7. HP: 8/36 MP: 8/13
  3474 | D:4      | Found a blossoming altar of Fedhas.
  3970 | D:4      | Reached skill level 5 in Spellcasting
  3970 | D:4      | Reached skill level 5 in Conjurations
  3970 | D:4      | Reached skill level 7 in Earth Magic
  4224 | D:4      | Reached XP level 8. HP: 35/41 MP: 15/15
  4253 | D:4      | Found Efafo's Assorted Antiques.
  4256 | D:4      | Bought a bubbling yellow potion for 18 gold pieces
  4256 | D:4      | Bought a translucent platinum ring for 100 gold pieces
  4256 | D:4      | Bought a coppery potion for 18 gold pieces
  4256 | D:4      | Bought a scroll labeled XUWEFUALED for 20 gold pieces
  4256 | D:4      | Bought a coppery potion for 18 gold pieces
  4256 | D:4      | Bought a scroll of identify for 40 gold pieces
  4257 | D:4      | Identified the ring "Kuofic" {rC- AC+4 Str+5} (You bought
                  | it in a shop on level 4 of the Dungeon)
  4449 | D:5      | Entered Level 5 of the Dungeon
  4449 | D:5      | Found a glowing silver altar of Zin.
  4450 | D:5      | Found Zoeben's Antique Armour Shoppe.
  4450 | D:5      | Found Daseocsata's Distillery.
  4451 | D:5      | Found Fuob's Armour Emporium.
  4571 | D:5      | Reached skill level 1 in Armour
  4596 | D:5      | Reached skill level 1 in Maces & Flails
  4598 | D:5      | Reached skill level 1 in Fighting
  4657 | D:5      | Found a staircase to the Ecumenical Temple.
  4680 | Temple   | Entered the Ecumenical Temple
  4845 | D:5      | Reached skill level 1 in Evocations
  4890 | D:5      | Found a deep blue altar of Sif Muna.
  5377 | D:5      | Bought a potion of curing for 42 gold pieces
  5930 | D:6      | Found a glowing drain.
  5934 | Sewer    | Entered a sewer
  6143 | Sewer    | Reached XP level 9. HP: 49/49 MP: 12/17
  7146 | D:7      | Noticed Joseph
  7163 | D:7      | Killed Joseph
  7163 | D:7      | Reached skill level 8 in Earth Magic
  7609 | D:7      | Noticed Prince Ribbit
  7619 | D:7      | Killed Prince Ribbit
  8334 | D:8      | Noticed Maurice
  8362 | D:8      | Killed Maurice
  8362 | D:8      | Reached XP level 10. HP: 32/56 MP: 2/19
  8624 | D:8      | Found a radiant altar of Vehumet.
  8628 | D:8      | Became a worshipper of Vehumet
  8649 | D:8      | Found a shimmering altar of Xom.
  8715 | D:8      | Noticed a two-headed ogre
  8722 | D:8      | Killed a two-headed ogre
  9012 | D:8      | Noticed Psyche
  9017 | D:8      | Killed Psyche
  9132 | D:8      | Reached * piety under Vehumet
  9132 | D:8      | Offered knowledge of Freeze by Vehumet.
  9140 | D:8      | Reached skill level 9 in Earth Magic
  9588 | D:8      | Found an opulent altar of Gozag.
  9613 | D:8      | Found a stormy altar of Qazlal.
 10006 | D:9      | Reached skill level 5 in Armour
 10247 | D:9      | Reached skill level 5 in Fighting
 10319 | D:9      | Offered knowledge of Shock by Vehumet.
 10337 | D:9      | Found a staircase to the Lair.
 10365 | D:9      | Reached ** piety under Vehumet
 10365 | D:9      | Reached XP level 11. HP: 64/64 MP: 13/21
 10483 | D:9      | Noticed a two-headed ogre
 10695 | D:9      | Killed a two-headed ogre
 10972 | D:9      | Reached skill level 5 in Maces & Flails
 11117 | D:9      | Found a hazy altar of Hepliaklqana.
 11408 | D:9      | Offered knowledge of Dazzling Spray by Vehumet.
 11674 | D:9      | Found Ytoetorch's Food Emporium.
 11771 | D:10     | Entered Level 10 of the Dungeon
 11846 | D:10     | Noticed a two-headed ogre
 11853 | D:10     | Killed a two-headed ogre
 11853 | D:10     | Reached skill level 5 in Dodging
 11853 | D:10     | Reached skill level 5 in Evocations
 11992 | D:10     | Reached skill level 10 in Earth Magic
 12076 | D:10     | Noticed a two-headed ogre
 12082 | D:10     | Killed a two-headed ogre
 12123 | D:10     | Noticed a two-headed ogre
 12132 | D:10     | Killed a two-headed ogre
 12132 | D:10     | Reached *** piety under Vehumet
 12182 | D:10     | Reached XP level 12. HP: 58/71 MP: 14/23
 12324 | D:10     | Noticed a two-headed ogre
 12337 | D:10     | Killed a two-headed ogre
 12550 | D:10     | Found a staircase to the Orcish Mines.
 13079 | D:11     | Found a sparkling altar of Nemelex Xobeh.
 13083 | D:11     | Identified a scroll of acquirement
 13099 | D:11     | Offered knowledge of Force Lance by Vehumet.
 13599 | D:11     | Noticed a two-headed ogre
 13608 | D:11     | Killed a two-headed ogre
 13954 | D:11     | Reached **** piety under Vehumet
 13988 | D:11     | Offered knowledge of Bolt of Magma by Vehumet.
 13995 | D:11     | Learned a level 5 spell: Bolt of Magma
 14308 | D:11     | Reached skill level 1 in Fire Magic
 14569 | D:11     | Noticed a seven-headed hydra
 14578 | D:11     | Killed a seven-headed hydra
 14662 | D:12     | Found Caamad's Armour Shop.
 14680 | D:12     | Noticed a tengu warrior
 14687 | D:12     | Killed a tengu warrior
 14767 | D:12     | Reached skill level 11 in Earth Magic
 14841 | D:12     | Got a pitted bronze amulet
 15382 | D:11     | Reached XP level 13. HP: 62/78 MP: 20/25
 15552 | D:11     | Identified the amulet of the Traitor {Harm *Drain MP+9
                  | Stlth+} (You found it on level 12 of the Dungeon)
 15731 | D:12     | Found a white marble altar of Elyvilon.
 15759 | D:12     | Slain by a white ugly thing

Vault maps used:
D:1:      dpeg_arrival_ternary
D:2:      lemuel_doored_altar, minmay_indecisive_spiral, uniq_sigmund
D:3:      ebering_ghost_sewer_f, uniq_robin
D:4:      minmay_general_purpose_star, lemuel_round_altar, serial_shops,
          kennysheep_mini_moat
D:5:      old_standard_altar, nicolae_overflow_crystal_walls, temple_green,
          first_ration, serial_shops, shop, shop, shop, minmay_holes
D:6:      gup_sewer_entry_bowl, nrook_pool_corridor
D:7:      uniq_prince_ribbit1, uniq_joseph
D:8:      nicolae_overflow_quartered_altars, special_room, uniq_psyche,
          uniq_maurice
D:9:      old_standard_altar, due_lair_maze_entry_diamond, serial_shops, shop,
          grunt_livestock, lemuel_old_faithful
D:10:     orc_0_dummy
D:11:     basic_altar, minmay_pinched_square
D:12:     serial_shops, shop_coins, mrwooster_statue_mirror,
          minmay_ruined_shrine
Temple:   dshaligram_water_room_temple
Sewer:    sewer_frog_island_01

Skill      XL: |  1  2  3  4  5  6  7  8  9 10 11 12 |
---------------+-------------------------------------+-----
Earth Magic    | 4 5 6 7 8 9 10 11 | 11.0
Conjurations   | 2 4 5 6 7 8 9 |  9.3
Spellcasting   | 3 4 5 6 7 8 |  8.2
Armour         | 2 4 5 6 |  6.0
Maces & Flails | 2 3 4 5 7 |  7.0
Fighting       | 2 4 5 6 7 |  7.8
Dodging        | 2 3 4 5 6 |  6.1
Evocations     | 1 3 4 5 6 |  6.0
Fire Magic     | 3 |  3.1
Stealth        | |  2.1
Transmutations | |  0.7

Action                   |  1- 3 |  4- 6 |  7- 9 | 10-12 | 13-15 || total
-------------------------+-------+-------+-------+-------+-------++-------
Melee: Unarmed           |    39 |       |       |       |       ||    39
       Whip              |    34 |   126 |       |       |       ||   160
       Quarterstaff      |       |    18 |   343 |   342 |       ||   703
 Cast: Sandblast         |    26 |    18 |    24 |   200 |     9 ||   277
       Stone Arrow       |     2 |     3 |    35 |    31 |       ||    71
       Lee's Rapid Decon |       |     3 |     1 |    42 |       ||    46
       Bolt of Magma     |       |       |       |     8 |       ||     8
Evoke: Box of beasts     |       |       |       |     1 |       ||     1
  Use: Scroll            |     4 |     4 |     5 |     5 |       ||    18
       Potion            |       |     1 |     1 |     1 |       ||     3
 Stab: Sleeping          |     2 |       |       |       |       ||     2
       Distracted        |       |       |       |     1 |       ||     1
  Eat: Chunk             |     1 |     8 |    14 |    32 |     1 ||    56
       Ration            |       |       |     2 |     1 |       ||     3
Armor: Robe              |    45 |    77 |   230 |   316 |     1 ||   669
Dodge: Dodged            |    54 |   131 |   330 |   384 |     3 ||   902

Table legend:
 A = Non-vault XP
 B = Vault XP
 C = Vault XP percentage of total XP
 D = Non-vault monster count
 E = Vault monster count
 F = Vault count percentage of total count
                 A         B        C        D         E       F
            +---------+---------+-------+---------+---------+-------
      Total |   23408 |    8716 |  27.1 |     305 |     105 |  25.6
            +---------+---------+-------+---------+---------+-------
        D:1 |      60 |       0 |   0.0 |      28 |       0 |   0.0
        D:2 |      87 |     245 |  73.8 |      18 |      11 |  37.9
        D:3 |     109 |     203 |  65.1 |      22 |      11 |  33.3
        D:4 |     464 |      85 |  15.5 |      15 |       4 |  21.1
        D:5 |     595 |       0 |   0.0 |      36 |       0 |   0.0
        D:6 |     743 |       5 |   0.7 |      18 |       3 |  14.3
        D:7 |     908 |     716 |  44.1 |      11 |       3 |  21.4
        D:8 |    1784 |    1220 |  40.6 |      24 |      24 |  50.0
        D:9 |    4960 |    2294 |  31.6 |      48 |      15 |  23.8
       D:10 |    6101 |       0 |   0.0 |      31 |       0 |   0.0
       D:11 |    5009 |    3675 |  42.3 |      39 |      14 |  26.4
       D:12 |    2588 |      42 |   1.6 |      15 |       1 |   6.2
      Sewer |       0 |     231 | 100.0 |       0 |      19 | 100.0
            +---------+---------+-------+---------+---------+-------
